 Dungeon Crawl Stone Soup version 0.17-a0-1731-g129c023 (webtiles) character file.

665 hexophile the Charmwright (level 7, -6/40 HPs)
             Began as a Gargoyle Skald on Aug 29, 2015.
             Was a Follower of Cheibriados.
             Splashed by an oklob plant's acid (9 damage)
             ... on level 6 of the Dungeon.
             The game lasted 00:10:40 (7121 turns).

hexophile the Charmwright (Gargoyle Skald)          Turns: 7121, Time: 00:10:40

Health: -6/40      AC: 11    Str: 17    XL:     7   Next: 57%
Magic:  10/10      EV: 11    Int: 17    God:    Cheibriados [*.....]
Gold:   325        SH:  0    Dex: 11    Spells: 2 memorised, 6 levels left

rFire  . . .     SeeInvis .     l - +0 whip (elec)
rCold  . . .     Clarity  .     m - +3 leather armour
rNeg   + . .     SustAt   +     (no shield)
rPois  ∞         Gourm    .     k - +0 helmet
rElec  +         Spirit   .     (no cloak)
rCorr  .         Warding  .     (no gloves)
rMut   .         Stasis   .     t - +2 pair of boots
MR     +....                    (no amulet)
Stlth  +.........               s - ring of protection from magic
                                j - ring of sustain attributes

@: corroded equipment, very slow, somewhat resistant to hostile enchantments,
very unstealthy
A: negative energy resistance 1, electricity resistance, unbreathing,
petrification resistance, rot immunity, AC +4
a: Bend Time, Renounce Religion


You were on level 6 of the Dungeon.
You worshipped Cheibriados.
Cheibriados was aware of your devotion.
You were not hungry.

You visited 2 branches of the dungeon, and saw 7 of its levels.

You collected 325 gold pieces.

Inventory:

Hand weapons
 a - a +0 spear
 l - a +0 whip of electrocution (weapon)
Missiles
 h - 119 stones (quivered)
Armour
 k - a +0 helmet (worn)
 m - a +3 leather armour (worn)
 o - a +0 chain mail of poison resistance
 t - a +2 pair of boots (worn)
Jewellery
 j - a ring of sustain attributes (left hand)
 s - a ring of protection from magic (right hand)
 z - a +5 ring of evasion {unknown}
 D - an uncursed ring of wizardry {unknown}
Magical devices
 x - a wand of cold (4)
 B - a wand of disintegration (5)
Scrolls
 b - a scroll of fear
 f - a scroll of teleportation
 g - 4 scrolls of noise
 p - 2 scrolls of identify
 q - 2 scrolls of remove curse
 r - 2 scrolls of magic mapping
Potions
 e - 4 potions of curing
 i - a potion of degeneration {unknown}
 n - 3 potions of heal wounds {unknown}
 u - a potion of cancellation {unknown}
Books
 c - a book of Battle

   Spells                             Type                      Level
   a - Infusion                       Charms                       1
   b - Shroud of Golubria             Charms/Translocation         2
   c - Song of Slaying                Charms                       2
   d - Spectral Weapon                Hexes/Charms                 3
   e - Regeneration                   Charms/Necromancy            3
 v - a book of Geomancy

   Spells                             Type                      Level
   a - Sandblast                      Earth                        1
   b - Stoneskin                      Transmutation/Earth          2
   c - Passwall                       Transmutation/Earth          3
   d - Stone Arrow                    Conjuration/Earth            3
   e - Petrify                        Transmutation/Earth          4
   f - Lee's Rapid Deconstruction     Earth                        5
Comestibles
 d - 4 bread rations
 A - a meat ration


   Skills:
 - Level 2.1 Fighting
 * Level 4.8 Maces & Flails
 - Level 2.5 Polearms
 - Level 1.1 Armour
 - Level 0.7 Dodging
 - Level 2.0 Spellcasting
 + Level 5.0 Charms
 + Level 2.5 Necromancy


You had 6 spell levels left.
You knew the following spells:

 Your Spells              Type           Power        Failure   Level  Hunger
a - Infusion              Chrm           ###...       2%          1    #......
b - Regeneration          Chrm/Necr      ##........   17%         3    ###....


Dungeon Overview and Level Annotations

Branches:
Dungeon (6/15)             Temple (1/1) D:5

Altars:
Ashenzari
Cheibriados
Dithmenos
Elyvilon
Fedhas
Gozag
Kikubaaqudgha
Makhleb
Nemelex Xobeh
Okawaru
Qazlal
Ru
Sif Muna
Trog
Vehumet
Xom
Yredelemnul
Zin
The Shining One

Shops:
D:4 %

Annotations:
D:6 exclusion: oklob plant


Innate Abilities, Weirdness & Mutations

You are resistant to torment.
Your stone body is resilient (AC +4).
You are immune to poison.
You resist negative energy.
You are resistant to electric shocks.
You can survive without breathing.
You are immune to petrification.
You are immune to rotting.


Message History

You hit the orc wizard but do no damage.
There is a sudden explosion of sparks!
You kill the orc wizard!
Cheibriados thoroughly appreciates the change of pace.
Things that are here:
a dagger; a robe There isn't anything to butcher here.
Items here: )) [ ††† There isn't anything here!
You see here a ring mail.
Found a blossoming altar of Fedhas.
Marking area around the oklob plant as unsafe for travelling.
An oklob plant comes into view.
The oklob plant spits acid at you. The splash of acid hits you!
The acid corrodes you!
The acid burns!
The oklob plant spits acid at you. The splash of acid hits you!
* * * LOW HITPOINT WARNING * * *
The acid burns!
You die... ..................#.# #........ #.....###.######.##.########..... ...#............................. ##.#...########################.. .......# PPPPPPPP#PPP.PPPP#PP#..# ##.#...# P%.PP..P#.PP.PPPP..#... #.#...# %%PPPP#.PPPPP.PPP#... #)#...# PP#PP.PPPPPP.P###..#

#.#...# #P.@.....PP#P.PP#..#
#.#...#PPPPPP..≈≈.≈≈..PPPPPP#..#
#.#...#PPP##..≈≈≈.≈≈≈..P#PP #..#
#.#...# #...≈≈≈≈.≈≈≈≈..## #..#
##.##.## #.P.≈≈≈≈≈.≈≈≈≈≈.P##P#..#
......##P.#P.≈≈≈≈...≈≈≈≈..PP##..#
.#.#...#PP.#.≈≈≈≈._.≈≈≈≈.PPPP#...
.#.....# PPP.≈≈≈≈...≈≈≈≈.P#P##.##
.......# P.≈≈≈≈≈≈≈≈≈≈≈.PPPP#.#.


You could see an oklob plant.

Vanquished Creatures
  A phantom (D:5)
  A centaur (D:5)
  A giant frog zombie (D:5)
  A hound (D:4)
  A jelly (D:5)
  A centaur skeleton (D:4)
  3 worker ants
  5 orc wizards
  4 gnolls (D:4)
  3 adders
  An adder skeleton (D:5)
  A worm (D:2)
  6 giant geckos
  10 orcs
  3 giant cockroaches
  12 hobgoblins
  6 jackals
  2 quokkas
  3 ball pythons
  9 bats
  6 giant newts
  8 goblins
  A jackal skeleton (D:6)
  7 kobolds
  A quokka skeleton (D:4)
  4 rats
101 creatures vanquished.

Vanquished Creatures (others)
  13 toadstools (D:6)
13 creatures vanquished.

Grand Total: 114 creatures vanquished

Notes
Turn   | Place    | Note
--------------------------------------------------------------
     0 | D:1      | hexophile the Gargoyle Skald began the quest for the Orb.
     0 | D:1      | Reached XP level 1. HP: 12/12 MP: 3/3
   641 | D:1      | Reached skill level 3 in Charms
   650 | D:1      | Reached XP level 2. HP: 14/17 MP: 0/5
   852 | D:1      | Reached XP level 3. HP: 21/21 MP: 6/6
  1547 | D:2      | Found an ancient bone altar of Kikubaaqudgha.
  1593 | D:2      | Reached skill level 4 in Charms
  1593 | D:2      | Reached XP level 4. HP: 11/26 MP: 0/7
  1913 | D:2      | Found an iron altar of Okawaru.
  1980 | D:2      | Found a burning altar of Makhleb.
  2219 | D:3      | Found a glowing golden altar of the Shining One.
  2234 | D:3      | Found a sparkling altar of Nemelex Xobeh.
  2731 | D:3      | Learned a level 3 spell: Regeneration
  3187 | D:4      | Found a shimmering altar of Xom.
  3314 | D:4      | Found Hasihyud's Food Boutique.
  3370 | D:4      | Reached skill level 1 in Maces & Flails
  3505 | D:4      | Found a radiant altar of Vehumet.
  3590 | D:4      | Reached XP level 5. HP: 23/30 MP: 8/8
  3901 | D:4      | Reached skill level 1 in Necromancy
  4252 | D:5      | Entered Level 5 of the Dungeon
  4352 | D:5      | Reached XP level 6. HP: 30/35 MP: 9/9
  4616 | D:5      | Identified a scroll of acquirement
  4620 | D:5      | Got a slimy glaive
  4621 | D:5      | Identified the +3 glaive "Eskymiot" {chop, Dex+4} (You acquired it on level 5 of the Dungeon)
  4676 | D:5      | Found a staircase to the Ecumenical Temple.
  4688 | Temple   | Entered the Ecumenical Temple
  4809 | Temple   | Became a worshipper of Cheibriados the Contemplative
  4957 | D:5      | Found a bloodstained altar of Trog.
  5141 | D:5      | Noticed a phantom
  5174 | D:5      | Killed a phantom
  5294 | D:5      | Reached XP level 7. HP: 24/40 MP: 10/10
  6212 | D:6      | Found a shattered altar of Ashenzari.
  6267 | D:6      | Found an opulent altar of Gozag.
  6534 | D:6      | Reached skill level 5 in Charms
  6630 | D:6      | Acquired Cheibriados's first power
  7101 | D:6      | Found a blossoming altar of Fedhas.
  7119 | D:6      | Noticed an oklob plant
  7121 | D:6      | HP: 3/40 [oklob plant/splash of acid (11)]
  7121 | D:6      | Splashed by an oklob plant's acid

Vault maps used:
D:1:      dpeg_arrival_more_subterranean_lakeside_camping, st_stairs_1,
          minmay_misc_feat_roman
D:2:      okawaru_gym_becter, kiku_gazebo_garden_becter, bloody_makhleb
D:3:      lemuel_crystal_altar, nemelex_xobeh_ov_fountains_minmay
D:4:      vehumet_crystals, lemuel_round_altar, serial_shops,
          nicolae_shop_waterfront
D:5:      bloody_trog, minmay_temple_entry_statues_pillars, first_bread,
          serial_bayou_pond_d, serial_bayou_pond_e, minmay_misc_feat_iff,
          minmay_misc_feat_square
D:6:      overflow_temple_1_default, old_standard_altar, tgw_fedhas
Temple:   nicolae_temple_figure_zero

Action                   |  1- 3 |  4- 6 |  7- 9 || total
-------------------------+-------+-------+-------++-------
Melee: Spear             |   154 |     8 |       ||   162
       Whip              |       |   204 |    67 ||   271
 Cast: Infusion          |     8 |     3 |     2 ||    13
  Use: Scroll            |       |    11 |     3 ||    14
       Potion            |       |     1 |       ||     1
 Stab: Sleeping          |       |     1 |       ||     1
  Eat: Chunk             |     2 |    12 |     3 ||    17
       Royal jelly       |       |       |     1 ||     1
       Beef jerky        |       |       |     1 ||     1
